 Dungeon Crawl Stone Soup version 0.31-a0-1549-g5ff9445 (webtiles) character file.

Game seed: 7486205178005112958

160 Dorkslayer the Trooper (level 5, 0/55 HPs)
             Began as an Oni Fighter on Jan 2, 2024.
             Slain by an adder zombie (2 damage)
             ... in an ossuary.
             The game lasted 00:06:31 (2484 turns).

Dorkslayer the Trooper (Oni Fighter)                Turns: 2484, Time: 00:06:33

Health: 0/55       AC:  3    Str: 20    XL:     5   Next: 41%
Magic:  5/5        EV:  9    Int:  9    God:
Gold:   152        SH:  9    Dex: 16    Spells: 4/4 levels left

rFire   . . .        a - +0 war axe
rCold   . . .        c - +0 kite shield
rNeg    . . .        b - +0 robe
rPois   .            h - +0 hat
rElec   .            (no cloak)
rCorr   .            (gloves unavailable)
SInv    .            (boots unavailable)
Will    .....        q - amulet of magic regeneration
Stlth   +            m - +6 ring of dexterity
HPRegen 0.29/turn    (no ring)
MPRegen 0.49/turn

%: no passive effects
@: no status effects
A: large, unfitting armour, horns 1, tough skin 1, double potion healing,
drunken brawling
a: no special abilities


You were in an ossuary.
You visited 1 branch of the dungeon, and saw 4 of its levels.
You also visited: Ossuary.

You collected 152 gold pieces.

Inventory:

Hand Weapons
 a - a +0 war axe (weapon)
Missiles
 o - 2 boomerangs (quivered)
Armour
 b - a +0 robe (worn)
 c - a +0 kite shield (worn)
 h - a +0 hat (worn)
Jewellery
 m - a +6 ring of dexterity (left hand)
 q - an amulet of magic regeneration (around neck)
Wands
 g - a wand of iceblast (10)
Scrolls
 f - a scroll of teleportation
 j - a scroll of enchant armour {unknown}
 l - a scroll of vulnerability {unknown}
 n - a scroll of amnesia {unknown}
 p - a scroll of identify {unknown}
Potions
 d - 4 potions of might
 e - 3 potions of curing {unknown}
 i - a potion of brilliance {unknown}
 k - 2 potions of degeneration {unknown}


   Skills:
 + Level 4.9 Fighting
 + Level 3.4 Axes
 + Level 1.5 Armour
 + Level 3.4 Dodging
 + Level 3.0 Shields


You had 4 spell levels left.
You didn't know any spells.
Your spell library contained the following spells:

 Spells                   Type           Power      Damage    Failure   Level
 Ensorcelled Hibernation  Hex/Ice        0%         N/A       83%         2
 Passwall                 Erth           0%         N/A       96%         3
 Swiftness                Air            0%         N/A       96%         3


Dungeon Overview and Level Annotations

Branches:
Dungeon (4/15)            Ossuary (1/1)
 Temple: D:4-7

Altars:
Ru


Innate Abilities, Weirdness & Mutations

You are too large for most types of armour.
You have a pair of small horns on your head.
You have tough skin. (AC +1)
You gain doubled healing and magic from potions.
Whenever you drink a healing potion, you attack all around you.


Message History

The adder zombie bites you but does no damage.
There is an open door here.
You hit the crocodile zombie.
Your headbutt misses the crocodile zombie.
The crocodile zombie is lightly damaged.
You closely miss the adder zombie. The adder zombie closely misses you.
The crocodile zombie bites you but does no damage.
You block the adder zombie's attack.
You closely miss the adder zombie. You barely miss the crocodile zombie.
The crocodile zombie bites you!
The crocodile zombie drags you backwards!
The adder zombie bites you. The adder zombie bites you.
The crocodile zombie bites you!
The crocodile zombie drags you backwards!
The adder zombie bites you.
You closely miss the adder zombie. You headbutt the adder zombie!
The adder zombie is heavily damaged.
You slash the crocodile zombie! You block the adder zombie's attack.
The crocodile zombie closely misses you.
The adder zombie barely misses you.
You closely miss the adder zombie.
The adder zombie is heavily damaged.
You barely miss the crocodile zombie.
The adder zombie bites you but does no damage.
The crocodile zombie barely misses you.
The adder zombie bites you but does no damage.
You barely miss the adder zombie. Your headbutt misses the adder zombie.
The adder zombie is heavily damaged.
You closely miss the crocodile zombie. The crocodile zombie bites you!
The crocodile zombie drags you backwards!
The adder zombie barely misses you. The crocodile zombie bites you!
* * * LOW HITPOINT WARNING * * *
You block the adder zombie's attack. The adder zombie barely misses you.
The crocodile zombie attacks as it pursues you!
The crocodile zombie bites you!
* * * LOW HITPOINT WARNING * * *
The crocodile zombie drags you backwards!
The adder zombie bites you.
You die...

######### ###
#∩..#...#!?!!#
#.Z@'.∩.#!?)?+
#..Z#...#?!!?#
#...##### ###
#...# #+###


You could see an adder zombie and a crocodile zombie.

Vanquished Creatures
  Robin (D:2)
  3 gnolls (D:2)
  4 adders
  A dart slug (D:2)
  2 orcs (D:3)
  4 bats
  8 endoplasms
  2 giant cockroaches
  13 goblins
  8 hobgoblins
  4 quokkas
  6 ball pythons
  5 frilled lizards
  10 kobolds
  10 rats
81 creatures vanquished.

Notes
Turn   | Place    | Note
-------+----------+-------------------------------------------
     0 | D:1      | Dorkslayer the Oni Fighter began the quest for the Orb.
     0 | D:1      | Reached XP level 1. HP: 24/24 MP: 1/1
    72 | D:1      | Reached XP level 2. HP: 19/32 MP: 2/2
   475 | D:1      | Reached XP level 3. HP: 26/40 MP: 3/3
   814 | D:2      | Reached skill level 1 in Armour
   986 | D:2      | Reached XP level 4. HP: 49/49 MP: 4/4
  1286 | D:2      | Noticed Robin
  1294 | D:2      | Killed Robin
  1441 | D:2      | Reached XP level 5. HP: 49/55 MP: 5/5
  2202 | D:3      | Found a sacrificial altar of Ru.
  2463 | D:4      | Found a sand-covered staircase.
  2472 | Ossuary  | Entered an ossuary
  2484 | Ossuary  | HP: 2/55 [crocodile zombie (7)]
  2484 | Ossuary  | Slain by an adder zombie

Illustrated notes

Levels and vault maps discovered:
D:1:      dpeg_arrival_concentric_ovals, layout_basic, minmay_pentomino_z2
D:2:      layout_loops_ring, uniq_robin
D:3:      layout_loops_ring, nicolae_ru_sacrificial_ziggurat
D:4:      layout_cave_pools, grunt_temple_overflow_diamond, enter_ossuary_4
Ossuary:  ossuary_tomb_2

Skill      XL: |  1  2  3  4 |
---------------+-------------+-----
Dodging        | 3 |  3.4
Armour         | 1 |  1.5
Axes           | 3 |  3.4
Shields        | 3 |  3.0
Fighting       | |  4.9

Action                     |  1- 3 |  4- 6 || total
---------------------------+-------+-------++-------
  Melee: War axe           |    76 |    94 ||   170
         Headbutt          |     8 |     8 ||    16
    Use: Potion            |     1 |       ||     1
         Scroll            |       |     4 ||     4
 Armour: Robe              |    50 |    58 ||   108
  Dodge: Dodged            |    24 |    37 ||    61
  Block: Kite shield       |    33 |    48 ||    81

Table legend: (Time is in decaauts)
 A = Elapsed time spent in this place.
 B = Non-inter-level travel time spent in this place.
 C = Inter-level travel time spent in this place.
 D = Time resting spent in this place.
 E = Time spent auto-exploring this place.
 F = Levels seen in this place.
 G = Mean time per level.
                   A        B        C        D        E       F      G
               +--------+--------+--------+--------+--------+-----+--------+
         Total |   2569 |   2569 |      0 |      0 |   1431 |   5 |  513.8 |
       Dungeon |   2554 |   2554 |      0 |      0 |   1431 |   4 |  638.5 |
       Ossuary |     14 |     14 |      0 |      0 |      0 |   1 |   14.0 |
               +--------+--------+--------+--------+--------+-----+--------+

Top non-repeatable levels by time:
     D:2: 998 daAuts
     D:3: 795 daAuts
     D:1: 706 daAuts
     D:4: 54 daAuts
 Ossuary: 14 daAuts
